 Dungeon Crawl Stone Soup version 0.23.0-3-gf3c87f2 (webtiles) character file.

Game seed: 2499299669327636118

3969 Kairos the Cleaver (level 10, -1/77 HPs)
             Began as a Formicid Fighter on Feb 24, 2019.
             Was an Elder of Okawaru.
             Slain by a killer bee (7 damage)
             ... on level 8 of the Dungeon.
             The game lasted 00:13:51 (6300 turns).

Kairos the Cleaver (Formicid Fighter)               Turns: 6300, Time: 00:13:52

Health: -1/77      AC: 11    Str: 24    XL:     10   Next: 45%
Magic:  10/10      EV: 10    Int:  8    God:    Okawaru [****..]
Gold:   182        SH: 11    Dex: 10    Spells: 9/9 levels left

rFire    . . .     SeeInvis +   M - +8 war axe (freeze)
rCold    . . .     Gourm    .   c - +0 shield
rNeg     . . .     Faith    .   b - +0 scale mail
rPois    +         Spirit   .   (helmet unavailable)
rElec    .         Reflect  .   G - +1 cloak
rCorr    +         Harm     .   (no gloves)
MR       +....                  z - +0 pair of boots
Stlth    ..........             (no amulet)
HPRegen  0.22/turn              A - ring of poison resistance
MPRegen  0.12/turn              p - ring of resist corrosion

@: no status effects
A: permanent stasis, dig shafts and tunnels, four strong arms, antennae 3
a: Dig, Shaft Self, Heroism, Renounce Religion


You were on level 8 of the Dungeon.
You worshipped Okawaru.
Okawaru was greatly pleased with you.
You were hungry.

You visited 1 branch of the dungeon, and saw 8 of its levels.
You also visited: Sewer.

You collected 351 gold pieces.
You spent 169 gold pieces at shops.

Inventory:

Hand Weapons
 m - a +0 hunting sling
 H - a +3 quarterstaff of chaos
 M - a +8 war axe of freezing (weapon)
Missiles
 F - 6 tomahawks (quivered)
 N - 4 poisoned tomahawks
Armour
 b - a +0 scale mail (worn)
 c - a +0 shield (worn)
 s - a scarf of resistance
 z - a +0 pair of boots (worn)
 G - a +1 cloak (worn)
Jewellery
 l - an uncursed ring of wizardry
 p - a ring of resist corrosion (right hand)
 A - a ring of poison resistance (left hand)
Wands
 D - a wand of paralysis (21)
 E - a wand of polymorph (5)
 L - a wand of random effects (17)
Scrolls
 h - 3 scrolls of remove curse
 o - a scroll of fear
 q - 2 scrolls of amnesia
 r - 2 scrolls of magic mapping
 u - 4 scrolls of teleportation {unknown}
 x - 4 scrolls of enchant armour {unknown}
 y - 3 scrolls of blinking {unknown}
 C - 3 scrolls of random uselessness {unknown}
Potions
 d - 4 potions of might
 e - 8 potions of curing
 g - 4 potions of berserk rage {unknown}
 i - 3 potions of heal wounds
 j - a potion of brilliance {unknown}
 k - a potion of magic {unknown}
 t - 6 potions of degeneration {unknown}
 v - a potion of invisibility {unknown}
 w - 3 potions of resistance {unknown}
 B - a potion of lignification {unknown}
 I - a potion of mutation {unknown}
 J - a potion of agility {unknown}
 K - a potion of flight {unknown}
Comestibles
 f - 5 rations


   Skills:
 + Level 6.7 Fighting
 + Level 10.2 Axes
 + Level 7.1 Armour
 + Level 2.6 Dodging
 + Level 1.9 Stealth
 + Level 7.8 Shields
 + Level 1.2 Invocations


You had 9 spell levels left.
You didn't know any spells.
Your spell library was empty.

Dungeon Overview and Level Annotations

Branches:
Dungeon (8/15)             Temple (0/1) D:7            Lair (0/6) D:8

Altars:
Cheibriados
Elyvilon
Hepliaklqana
Kikubaaqudgha
Makhleb
Nemelex Xobeh
Okawaru
Qazlal
Sif Muna
Zin

Shops:
D:7 (


Innate Abilities, Weirdness & Mutations

You cannot be hasted, slowed, berserked, paralysed or teleported.
You can dig through walls and to a lower floor.
Your four strong arms can wield two-handed weapons with a shield.
You have a pair of large antennae on your head. (SInv)


Message History

* * * LOW HITPOINT WARNING * * *
The killer bee stings the plant but does no damage. x2
You block the killer bee's attack.
The quokka twitches its whiskers.
The killer bee stings you but does no damage.
The killer bee stings the bush but does no damage.
The killer bee stings you!
* * * LOW HITPOINT WARNING * * *
You block the killer bee's attack. The killer bee completely misses you.
You block the killer bee's attack. The killer bee stings you.
* * * LOW HITPOINT WARNING * * *
The killer bee stings you but does no damage. x2
The killer bee barely misses you.
You see here a wyvern skeleton.
The killer bee closely misses you.
There is a stone staircase leading up here.
You block the killer bee's attack. The killer bee stings you!
You die...

.# ... #######.# #.....#.# {
#.###.#.# . #.#@yy#.# ..
#..y#y#.# #.# ##### ###(##r.#
#.# #...# #.###o##########.#
#####.#.#####...#.#...........
#.....#.##......#.#.#####..P..
#.#####....##...#{#...........
#.# ####.##.....o{##.oP.....
#.###########.###.#.##..P.♣...


You could see an orc warrior, 4 killer bees and a quokka.

Vanquished Creatures
  A hippogriff (D:8)
  6 yaks
  A wyvern (D:8)
  4 porcupines (D:8)
  2 ice beasts
  An ogre (D:7)
  An orc warrior (D:8)
  2 sky beasts
  2 centaurs
  2 crocodiles (D:8)
  4 big kobolds (Sewer)
  A bullfrog (D:7)
  2 scorpions
  4 crimson imps
  A centaur zombie (D:6)
  A jelly (D:7)
  4 hounds
  An orc wizard (D:6)
  2 orc priests (D:6)
  Crazy Yiuf (D:5)
  Jessica (D:3)
  3 iguanas
  Natasha (twice) (D:4)
  4 worker ants
  A worker ant zombie (D:7)
  11 gnolls
  9 adders
  4 shadow imps
  3 oozes
  An adder skeleton (D:6)
  2 worms (D:3)
  2 dart slugs
  4 leopard geckos
  12 orcs
  7 giant cockroaches
  9 goblins
  7 hobgoblins
  6 jackals
  16 kobolds
  4 quokkas
  3 ball pythons (Sewer)
  12 bats
  3 frilled lizards
  A leopard gecko zombie (D:3)
  A quokka skeleton (D:6)
  6 rats
  A fungus (D:5)
  A plant (D:8)
179 creatures vanquished.

Vanquished Creatures (others)
  An orc (D:6)
  A fungus (D:8)
  A plant (D:8)
3 creatures vanquished.

Grand Total: 182 creatures vanquished

Notes
Turn   | Place    | Note
-------+----------+-------------------------------------------
     0 | D:1      | Kairos the Formicid Fighter began the quest for the Orb.
     0 | D:1      | Reached XP level 1. HP: 18/18 MP: 1/1
   156 | D:1      | Reached XP level 2. HP: 20/24 MP: 2/2
   346 | D:1      | Reached XP level 3. HP: 29/29 MP: 3/3
   775 | D:2      | Found a glowing silver altar of Zin.
   775 | D:2      | Found a burning altar of Makhleb.
   776 | D:2      | Noticed a cacodemon
   776 | D:2      | Noticed an angel
   976 | D:2      | Reached XP level 4. HP: 33/35 MP: 4/4
  1120 | D:2      | Reached skill level 3 in Axes
  1318 | D:3      | Noticed Jessica
  1322 | D:3      | Killed Jessica
  1414 | D:3      | Reached XP level 5. HP: 39/42 MP: 5/5
  1900 | D:4      | Reached skill level 4 in Axes
  1962 | D:4      | Reached XP level 6. HP: 30/48 MP: 6/6
  1982 | D:4      | Noticed Natasha
  1990 | D:4      | Killed Natasha
  2075 | D:4      | Reached skill level 1 in Dodging
  2605 | D:4      | Noticed Natasha
  2609 | D:4      | Killed Natasha
  2790 | D:5      | Entered Level 5 of the Dungeon
  2864 | D:5      | Noticed an ice beast
  2878 | D:5      | Killed an ice beast
  2878 | D:5      | Reached skill level 5 in Axes
  2878 | D:5      | Reached XP level 7. HP: 48/54 MP: 7/7
  2880 | D:5      | Found an iron altar of Okawaru.
  2890 | D:5      | Became a worshipper of Warmaster Okawaru
  2939 | D:5      | Reached skill level 5 in Shields
  2975 | D:5      | Found a runed translucent door.
  2976 | D:5      | Noticed Crazy Yiuf
  3111 | D:5      | Reached skill level 5 in Armour
  3556 | D:5      | Reached * piety under Okawaru
  3556 | D:5      | Reached XP level 8. HP: 52/61 MP: 8/8
  3566 | D:5      | Found a stormy altar of Qazlal.
  3837 | D:5      | Killed Crazy Yiuf
  4006 | D:6      | Reached skill level 6 in Axes
  4047 | D:6      | Found a glowing drain.
  4075 | Sewer    | Entered a sewer
  4343 | Sewer    | Reached skill level 5 in Fighting
  4610 | D:6      | Reached skill level 7 in Axes
  4612 | D:6      | Reached ** piety under Okawaru
  4634 | D:6      | Reached XP level 9. HP: 37/68 MP: 9/9
  4696 | D:6      | Found a deep blue altar of Sif Muna.
  4825 | D:7      | Found an ancient bone altar of Kikubaaqudgha.
  4867 | D:7      | Found a snail-covered altar of Cheibriados.
  5268 | D:7      | Found a hazy altar of Hepliaklqana.
  5274 | D:7      | Found a sparkling altar of Nemelex Xobeh.
  5275 | D:7      | Found a white marble altar of Elyvilon.
  5318 | D:7      | Reached skill level 8 in Axes
  5324 | D:7      | Found Qaddec's Antique Weapon Emporium.
  5339 | D:7      | Bought a runed war axe for 169 gold pieces
  5469 | D:7      | Found a staircase to the Ecumenical Temple.
  5587 | D:7      | Reached skill level 1 in Stealth
  5780 | D:8      | Reached *** piety under Okawaru
  5804 | D:8      | Reached skill level 9 in Axes
  5804 | D:8      | Reached XP level 10. HP: 13/76 MP: 7/10
  5851 | D:7      | Received a gift from Okawaru
  6194 | D:8      | Found a staircase to the Lair.
  6203 | D:8      | Reached skill level 1 in Invocations
  6208 | D:8      | Reached skill level 10 in Axes
  6262 | D:8      | Reached **** piety under Okawaru
  6300 | D:8      | Slain by a killer bee

Skill      XL: |  1  2  3  4  5  6  7  8  9 10 |
---------------+-------------------------------+-----
Shields        | 4 5 6 7 |  7.8
Axes           | 3 4 5 7 9 10 | 10.2
Armour         | 4 5 6 7 |  7.1
Fighting       | 4 5 6 |  6.7
Dodging        | 1 2 |  2.6
Stealth        | 1 |  1.9
Invocations    | 1 |  1.2

Action                   |  1- 3 |  4- 6 |  7- 9 | 10-12 || total
-------------------------+-------+-------+-------+-------++-------
Melee: War axe           |    82 |   117 |   295 |    51 ||   545
Invok: Heroism           |       |       |     3 |     3 ||     6
 Abil: Dig               |     1 |       |     1 |       ||     2
  Use: Scroll            |       |     6 |     3 |       ||     9
  Eat: Chunk             |       |     4 |     9 |     1 ||    14
       Ration            |       |     1 |       |       ||     1
Armor: Scale mail        |    52 |    37 |   133 |    14 ||   236
Dodge: Dodged            |    42 |    25 |   124 |    17 ||   208
Block: Shield            |    57 |    47 |   185 |    32 ||   321
